 Dungeon Crawl Stone Soup version 0.28-a0-987-g8383568036 (webtiles) character file.

Game seed: 15769610331558015600

5371 AarnesTheHuman the Zephyrmancer (level 10, -6/61 HPs)
             Began as a Tengu Air Elementalist on Dec 3, 2021.
             Was a Believer of Vehumet.
             Killed by divine providence
             ... invoked by an orc priest
              (12 damage)
             ... on level 8 of the Dungeon on Dec 4, 2021.
             The game lasted 00:48:49 (14677 turns).

AarnesTheHuman the Zephyrmancer (TeAE)             Turns: 14677, Time: 00:48:50

Health: -6/61      AC: 15    Str: 13    XL:     10   Next: 66%
Magic:  18/23      EV: 11    Int: 20    God:    Vehumet [**....]
Gold:   271        SH:  0    Dex: 14    Spells: 18/26 levels left

rFire   . . .      SeeInvis .   a - staff of conjuration
rCold   . . .      Faith    .   (no shield)
rNeg    . . .      Spirit   .   B - +6 scale mail "Huesumof" {Rampage Str+4 Slay-2}
rPois   +          Reflect  .   (helmet restricted)
rElec   .          Harm     .   D - +1 cloak
rCorr   .          Rampage  +   (no gloves)
Will    +....                   (boots unavailable)
Stlth   +.........              (no amulet)
HPRegen 0.20/turn               C - ring of willpower
MPRegen 0.18/turn               y - ring of poison resistance

@: flying quickly and evasively, quick
A: beak, talons 3, nimble flight
a: Renounce Religion


You were on level 8 of the Dungeon.
You worshipped Vehumet.
Vehumet was pleased with you.
You visited 2 branches of the dungeon, and saw 10 of its levels.

You collected 297 gold pieces.
You spent 26 gold pieces at shops.

Inventory:

Hand Weapons
 b - a +0 whip of freezing
 i - a +0 dagger
 m - a +1 antimagic dagger
 r - a +0 hunting sling
 J - a +1 dagger of speed
Missiles
 f - 4 curare-tipped darts
 p - 76 poisoned darts
 w - 50 sling bullets
Armour
 c - a +1 robe
 k - +0 steam dragon scales
 B - the +6 scale mail "Huesumof" (worn) {Rampage Str+4 Slay-2}
   (You found it on level 4 of the Dungeon)

   Str:       It affects your strength (+4).
   Slay:      It affects your accuracy & damage with ranged weapons and melee
   (-2).
   Rampage:   It bestows one free step when moving towards enemies.
 D - a +1 cloak (worn)
Magical Staves
 a - a staff of conjuration (weapon)
 g - a staff of earth
Jewellery
 q - a ring of protection from cold
 t - a ring of ice
 u - a ring of protection from fire
 y - a ring of poison resistance (right hand)
 C - a ring of willpower (left hand)
Wands
 x - a wand of flame (18)
Scrolls
 d - 3 scrolls of teleportation
 e - a scroll of magic mapping
 s - 5 scrolls of immolation
 A - a scroll of blinking
 F - a scroll of amnesia
 H - a scroll of identify
 I - 2 scrolls of silence {unknown}
Potions
 h - 2 potions of degeneration {unknown}
 j - 3 potions of curing {unknown}
 l - 2 potions of haste
 n - a potion of might {unknown}
 o - a potion of brilliance
 v - a potion of berserk rage {unknown}
 z - 2 potions of flight {unknown}
 E - 2 potions of magic
 G - a potion of mutation {unknown}


   Skills:
 + Level 6.5 Fighting
 - Level 4.0 Armour
 - Level 2.1 Dodging
 - Level 2.0 Stealth
 + Level 8.6 Spellcasting
 + Level 7.1 Conjurations
 + Level 0.8 Necromancy
 + Level 11.5 Air Magic


You had 18 spell levels left.
You knew the following spells:

 Your Spells              Type           Power      Damage    Failure   Level
a - Shock                 Conj/Air       100%       1d9       1%          1
b - Static Discharge      Conj/Air       62%        N/A       1%          2
c - Airstrike             Air            26%        N/A       3%          4
d - Animate Skeleton      Necr           24%        N/A       24%         1

Your spell library contained the following spells:

 Spells                   Type           Power      Damage    Failure   Level
 Sandblast                Erth           16%        2d6       34%         1
 Swiftness                Air            53%        N/A       1%          3
 Conjure Flame            Conj/Fire      34%        6-21      24%         3
 Apportation              Tloc           16%        N/A       34%         1
 Summon Small Mammal      Summ           32%        N/A       34%         1
 Scorch                   Fire           16%        2d6       47%         2
 Flame Wave               Conj/Fire      34%        2d7       63%         4
 Sticky Flame             Conj/Fire      34%        2d5       63%         4
 Call Canine Familiar     Summ           8%         N/A       71%         3
 Ignite Poison            Fire/Tmut/Pois 8%         N/A       71%         3
 Summon Guardian Golem    Hex/Summ       8%         N/A       71%         3
 Tukima's Dance           Hex            8%         N/A       71%         3
 Passage of Golubria      Tloc           8%         N/A       98%         4
 Yara's Violent Unravell  Hex/Tmut       4%         3d4       100%        5
 Summon Cactus Giant      Summ           4%         N/A       100%        6


Dungeon Overview and Level Annotations

Branches:
Dungeon (9/15)             Temple (1/1) D:5
   Lair: D:8-11         Orc: D:9-12

Altars:
Ashenzari
Cheibriados
Elyvilon
Fedhas
Gozag
Hepliaklqana
Kikubaaqudgha
Makhleb
Nemelex Xobeh
Okawaru
Qazlal
Ru
Sif Muna
Trog
Uskayaw
Vehumet
Wu Jian
Xom
Yredelemnul
Zin
The Shining One

Shops:
D:2 *   D:6 ([   D:7 *

Annotations:
D:4 exclusion: downstairs
D:5 exclusion: 2 downstairs
D:6 1 runed translucent door, exclusions: door and downstairs, endorz's ghost, novice HOFi
D:7 3 runed translucent doors, exclusions: 3 doors and 2 downstairs, Gargoyl's ghost, novice GnAK; fly's ghost, novice FoDe
D:8 exclusion: killer bee, Erica


Innate Abilities, Weirdness & Mutations

You have a beak for a mouth.
You have claws for feet.
Your magical nature lets you fly swiftly and evasively.


Message History

Aim: an orc priest, wielding a +0 club (severely wounded, 74% to hit)
You feel a surge of power!
The zap hits the orc.
You kill the orc!
Vehumet accepts your kill.
The zap hits the orc priest.
The orc priest is lightly wounded.
The zap hits the orc priest.
You kill the orc priest!
Vehumet accepts your kill.
Casting: Shock (safe; 1% risk of failure)
Confirm with . or Enter, or press ? or * to list all spells.
Aiming: Shock (safe; 1% risk of failure)
Press: ? - help, Shift-Dir - straight line, f - orc priest
Aim: an orc priest, wielding a +0 mace (moderately wounded, 74% to hit)
You feel a surge of power!
The zap hits the orc priest!
The orc priest is severely wounded.
The zap hits the orc priest.
The orc priest is moderately wounded.
A wight comes into view. It is wielding a +2 hand axe.
Casting: Shock (safe; 1% risk of failure)
Confirm with . or Enter, or press ? or * to list all spells.
Aiming: Shock (safe; 1% risk of failure)
Press: ? - help, Shift-Dir - straight line, f/p - orc priest
Aim: an orc priest, wielding a +0 mace (moderately wounded, 74% to hit)
You feel a surge of power!
The zap hits the orc priest.
The orc priest is almost dead.
The zap hits the wight but does no damage.
The wight is heavily damaged.
The zap hits the orc priest.
The orc priest is heavily wounded.
The orc priest invokes the aid of Beogh against you.
Beogh smites you!
The orc priest mumbles some strange prayers to Beogh against you.
Beogh smites you!
The orc priest calls down the wrath of Beogh upon you.
Beogh smites you!
* * * LOW HITPOINT WARNING * * *
The orc priest mumbles some strange prayers to Beogh against you.
Beogh smites you!
You die...

.
...D########################
...zzo.....@................
...o########################
? #### ....# #
##############.....# .
....ooo.....o'...... .
#.############.....# . #.#
##### .


You could see a wight and an orc priest.

Vanquished Creatures
  A hydra (D:5)
  Pikel (D:5)
  An unseen horror (D:8)
  Prince Ribbit (D:7)
  A yak (D:7)
  A steam dragon (D:8)
  Edmund (D:6)
  A water moccasin (D:8)
  3 orc warriors (D:7)
  A black bear (D:4)
  An ice beast (D:8)
  A sky beast (D:4)
  An ogre (D:5)
  4 centaurs
  2 necrophages
  3 lemures
  2 kobold brigands (D:7)
  A wyvern zombie (D:5)
  3 bullfrogs
  A water moccasin zombie (D:5)
  4 killer bees
  5 wights (D:8)
  3 howler monkeys
  A bullfrog zombie (D:5)
  7 hounds
  3 jellies
  A centaur zombie (D:8)
  A centaur skeleton (D:5)
  5 orc priests
  Ijyb (D:5)
  2 gnoll shamans (D:6)
  5 iguanas
  5 orc wizards
  14 gnolls (D:6)
  A howler monkey skeleton (D:7)
  7 adders
  3 white imps
  6 worms
  6 dart slugs
  30 orcs
  11 ball pythons
  3 bats (D:1)
  10 endoplasms
  4 giant cockroaches
  6 hobgoblins
  8 jackals
  16 kobolds
  3 quokkas
  2 frilled lizards
  8 goblins
  5 rats
217 creatures vanquished.

Vanquished Creatures (others)
  An orc (D:8)
  2 withered plants (D:6)
3 creatures vanquished.

Grand Total: 220 creatures vanquished

Notes
Turn   | Place    | Note
-------+----------+-------------------------------------------
     0 | D:1      | AarnesTheHuman the Tengu Air Elementalist began the quest
                  | for the Orb.
     0 | D:1      | Reached XP level 1. HP: 10/10 MP: 4/4
   315 | D:1      | Reached XP level 2. HP: 15/15 MP: 4/6
   637 | D:1      | Reached XP level 3. HP: 19/19 MP: 0/7
  1250 | D:1      | Reached skill level 5 in Air Magic
  1547 | D:2      | Found Xarghac's Assorted Antiques.
  1715 | D:2      | Found a shimmering altar of Xom.
  1776 | D:2      | Learned a level 2 spell: Static Discharge
  1964 | D:2      | Reached XP level 4. HP: 23/24 MP: 2/8
  3314 | D:3      | Gained mutation: Your magical nature lets you fly swiftly
                  | and evasively. [Tengu growth]
  3314 | D:3      | Reached XP level 5. HP: 28/28 MP: 8/10
  3727 | D:4      | Reached skill level 6 in Air Magic
  4035 | D:4      | Found a sacrificial altar of Ru.
  4396 | D:4      | Reached XP level 6. HP: 26/32 MP: 5/11
  4455 | D:4      | Identified the +6 scale mail "Huesumof" {Rampage Str+4
                  | Slay-2}
  4636 | D:4      | Noticed a black bear
  4643 | D:4      | Killed a black bear
  4644 | D:4      | Reached skill level 7 in Air Magic
  5098 | D:5      | Entered Level 5 of the Dungeon
  5108 | D:5      | Noticed Pikel
  5108 | D:5      | Noticed a necrophage
  5772 | D:4      | Upgraded the game from 0.28-a0-983-g1de4e0787c to
                  | 0.28-a0-987-g8383568036
  5874 | D:5      | Noticed a sky beast
  6353 | D:4      | Killed a sky beast
  6354 | D:4      | Reached XP level 7. HP: 37/37 MP: 13/13
  6543 | D:4      | Reached skill level 1 in Fighting
  6900 | D:5      | Reached skill level 8 in Air Magic
  7036 | D:5      | Reached skill level 5 in Conjurations
  7453 | D:5      | Found a staircase to the Ecumenical Temple.
  7463 | Temple   | Entered the Ecumenical Temple
  7552 | Temple   | Became a worshipper of Vehumet
  7633 | D:5      | Noticed Ijyb
  7856 | D:5      | Killed Ijyb
  8011 | D:5      | Killed Pikel
  8012 | D:5      | Reached skill level 5 in Spellcasting
  8012 | D:5      | Reached skill level 9 in Air Magic
  8012 | D:5      | Reached XP level 8. HP: 42/44 MP: 7/16
  8663 | D:5      | Learned a level 4 spell: Airstrike
  8665 | D:5      | Learned a level 1 spell: Animate Skeleton
  8712 | D:6      | Found a runed translucent door.
  8872 | D:6      | Noticed a four-headed hydra
  9241 | D:6      | Reached XP level 9. HP: 49/49 MP: 16/19
  9502 | D:6      | Found Xenwin's Antique Armour Shop.
  9519 | D:6      | Noticed Edmund
  9630 | D:6      | Noticed endorz's ghost (novice HOFi)
  9686 | D:6      | Killed Edmund
  9816 | D:6      | Reached * piety under Vehumet
  9816 | D:6      | Offered knowledge of Freeze by Vehumet.
  9884 | D:6      | Found Vepseurch's Weapon Emporium.
 10282 | D:5      | Killed a four-headed hydra
 10283 | D:5      | Reached skill level 10 in Air Magic
 11150 | D:7      | Found Loost's General Store.
 11291 | D:7      | Bought a scroll of identify for 26 gold pieces
 11403 | D:7      | Found a runed translucent gate.
 11409 | D:7      | Found a runed translucent gate.
 11410 | D:7      | Found a runed translucent gate.
 11411 | D:7      | Noticed Gargoyl's ghost (novice GnAK)
 11411 | D:7      | Noticed fly's ghost (novice FoDe)
 11507 | D:7      | Found an ornate altar of the Wu Jian Council.
 11507 | D:7      | Found a sparkling altar of Nemelex Xobeh.
 11507 | D:7      | Noticed Prince Ribbit
 11524 | D:7      | Killed Prince Ribbit
 11525 | D:7      | Reached XP level 10. HP: 53/58 MP: 10/22
 11590 | D:7      | Found a bloodstained altar of Trog.
 11638 | D:7      | Found an opulent altar of Gozag.
 11705 | D:7      | Reached skill level 5 in Fighting
 11867 | D:7      | Reached skill level 11 in Air Magic
 12179 | D:7      | Found a glowing golden altar of the Shining One.
 12379 | D:7      | Offered knowledge of Sandblast by Vehumet.
 12410 | D:7      | Reached ** piety under Vehumet
 13540 | D:8      | Noticed Erica
 13813 | D:8      | Found a glowing silver altar of Zin.
 13814 | D:8      | Noticed an angel
 14544 | D:8      | Killed an unseen horror
 14677 | D:8      | Killed from afar by an orc priest

Illustrated notes

Levels and vault maps discovered:
D:1:      eino_arrival_tree_alley, layout_basic
D:2:      layout_rooms, serial_shops, shop, basic_altar
D:3:      layout_loops_corners
D:4:      minmay_thinvault, layout_cave_pools, nicolae_ru_sacrificial_ziggurat
D:5:      layout_loops_cross, minmay_temple_entry_statues_pillars,
          chequers_serial_rivers_marsh, uniq_ijyb, uniq_pikel
D:6:      layout_cave_pools, serial_gnoll_camp, gnoll_camp_mini_loothouse,
          gnoll_camp_mini_hut, gnoll_camp_mini_shop, gnoll_camp_mini_doghouse,
          gnoll_camp_mini_doghouse, gammafunk_ghost_grave,
          minmay_shop_grid_forest, uniq_edmund
D:7:      layout_loops_ring, gammafunk_temple_overflow_forgotten,
          mainiacjoe_overflow_six_doors_small,
          mainiacjoe_overflow_cross_hatched, serial_shops,
          nicolae_shop_temple_entry_statues_fountains, gammafunk_ghost_cemetery,
          uniq_prince_ribbit1
D:8:      layout_basic, zin_angel, uniq_erica
D:9:      nicolae_cairo_tiling_large, layout_rooms, uniq_erolcha
Temple:   zaba_magenta_temple

Skill      XL: |  1  2  3  4  5  6  7  8  9 10 |
---------------+-------------------------------+-----
Conjurations   | 2 3 4 5 7 |  7.1
Air Magic      | 5 6 7 9 10 11 | 11.5
Spellcasting   | 3 5 6 7 8 |  8.6
Fighting       | 1 2 4 6 |  6.5
Armour         | 3 4 |  4.0
Dodging        | |  2.1
Stealth        | |  2.0
Necromancy     | |  0.8

Action                   |  1- 3 |  4- 6 |  7- 9 | 10-12 || total
-------------------------+-------+-------+-------+-------++-------
Melee: Dagger            |    11 |     4 |       |       ||    15
       Kick              |     2 |     2 |     1 |     1 ||     6
       Peck              |     2 |     1 |     1 |       ||     4
       Staff             |       |     2 |     5 |     1 ||     8
 Cast: Shock             |    82 |   148 |   213 |   128 ||   571
       Static Discharge  |       |     6 |    49 |    35 ||    90
       Airstrike         |       |       |       |     4 ||     4
Evoke: Wand              |       |     9 |     3 |     2 ||    14
  Use: Scroll            |       |    11 |     3 |     1 ||    15
 Stab: Sleeping          |       |     1 |       |       ||     1
Armor: Robe              |     4 |     1 |       |       ||     5
       Scale mail        |       |     9 |    68 |    50 ||   127
Dodge: Dodged            |    16 |    26 |    70 |    53 ||   165

Table legend: (Time is in decaauts)
 A = Elapsed time spent in this place.
 B = Non-inter-level travel time spent in this place.
 C = Inter-level travel time spent in this place.
 D = Time resting spent in this place.
 E = Time spent auto-exploring this place.
 F = Levels seen in this place.
 G = Mean time per level.
                   A        B        C        D        E       F      G
               +--------+--------+--------+--------+--------+-----+--------+
         Total |  14278 |  13368 |    910 |   5985 |   4951 |  10 | 1427.8 |
       Dungeon |  14182 |  13317 |    865 |   5985 |   4906 |   9 | 1575.8 |
        Temple |     96 |     51 |     45 |      0 |     45 |   1 |   96.0 |
               +--------+--------+--------+--------+--------+-----+--------+

Top non-repeatable levels by time:
     D:4: 3152 daAuts
     D:5: 2212 daAuts
     D:7: 2094 daAuts
     D:3: 1743 daAuts
     D:6: 1695 daAuts
     D:1: 1381 daAuts
     D:8: 1062 daAuts
     D:2: 833 daAuts
  Temple: 96 daAuts
     D:9: 8 daAuts
